 Dungeon Crawl Stone Soup version 0.31-a0-479-g91c9547826 (webtiles) character file.

Game seed: 16044429014362596245

28 Morbidden the Gusty (level 2, 0/19 HPs)
             Began as a Demonspawn Air Elementalist on Aug 7, 2023.
             Slain by a cerulean imp
             ... wielding a +1 spear
             ... summoned by Natasha
              (1 damage)
             ... on level 1 of the Dungeon.
             The game lasted 00:01:03 (1887 turns).

Morbidden the Gusty (Demonspawn Air Elementalist)   Turns: 1887, Time: 00:01:03

Health: 0/19       AC:  2    Str:  8    XL:     2   Next: 96%
Magic:  0/5        EV: 12    Int: 16    God:
Gold:   36         SH:  0    Dex: 13    Spells: 2/5 levels left

rFire   . . .        (no weapon)
rCold   . . .        (no shield)
rNeg    . . .        a - +0 robe
rPois   .            (no helmet)
rElec   .            (no cloak)
rCorr   .            (no gloves)
SInv    .            (no boots)
Will    .....        (no amulet)
Stlth   ++           c - ring of wizardry
HPRegen 0.23/turn    (no ring)
MPRegen 0.09/turn

%: wizardry (x1)
@: mighty, slowed, very slow
A: claws 1
a: no special abilities


You were on level 1 of the Dungeon.
You visited 1 branch of the dungeon, and saw 2 of its levels.

You collected 36 gold pieces.

Inventory:

Armour
 a - a +0 robe (worn)
Jewellery
 c - a ring of wizardry (left claw)
Scrolls
 e - a scroll of poison {unknown}
 i - a scroll of identify {unknown}
Potions
 b - a potion of magic
 f - a potion of degeneration {unknown}
 g - 2 potions of heal wounds {unknown}
 h - a potion of brilliance {unknown}
 j - a potion of curing {unknown}


   Skills:
 * Level 0.2 Fighting
 * Level 2.2 Dodging
 + Level 1.7 Stealth
 * Level 0.2 Unarmed Combat
 * Level 2.3 Spellcasting
 * Level 1.2 Conjurations
 * Level 3.0 Air Magic


You had 2 spell levels left.
You knew the following spells:

 Your Spells              Type           Power      Damage    Failure   Level
a - Shock                 Conj/Air       32%        1d5       3%          1
b - Static Discharge      Conj/Air       16%        2-3/arc   4%          2

Your spell library contained the following spells:

 Spells                   Type           Power      Damage    Failure   Level
 Swiftness                Air            11%        N/A       7%          3
 Airstrike                Air            5%         2d(1-17)  22%         4


Dungeon Overview and Level Annotations

Branches:
Dungeon (2/15)

Altars:

Annotations:
D:1 Natasha
D:2 Sigmund


Innate Abilities, Weirdness & Mutations

You have sharp fingernails.


Message History

Natasha stares at you and mumbles some strange words.
The magic dart hits you. The cerulean imp barely misses you.
Casting: Shock (safe; 3% risk of failure)
Confirm with . or Enter, or press ? or * to list all spells.
You don't have enough magic to cast this spell.
Unknown command.
Casting: Shock (safe; 3% risk of failure)
Confirm with . or Enter, or press ? or * to list all spells.
You don't have enough magic to cast this spell.
Unknown command.
Casting: Shock (safe; 3% risk of failure)
Confirm with . or Enter, or press ? or * to list all spells.
You don't have enough magic to cast this spell.
Unknown command.
Casting: Shock (safe; 3% risk of failure)
Confirm with . or Enter, or press ? or * to list all spells.
You don't have enough magic to cast this spell.
Unknown command.
You are too injured to fight recklessly!
Unknown command.
Natasha closely misses you. Natasha claws you but does no damage.
There is an open door here.
Natasha attacks as you move away! Natasha completely misses you.
The cerulean imp closely misses you.
It was a potion of might.
You feel very mighty all of a sudden. Natasha barely misses you.
The cerulean imp hits you from afar with a +1 spear.
Natasha growls.
Natasha misses you. The cerulean imp misses you.
Unknown command.
Casting: Shock (safe; 3% risk of failure)
Confirm with . or Enter, or press ? or * to list all spells.
Aiming: Shock (safe; 3% risk of failure)
Press: ? - help, Shift-Dir - straight line, f/p - Natasha
Aim: Natasha (severely wounded, 60% to hit)
The zap misses Natasha.
Natasha claws you.
* * * LOW HITPOINT WARNING * * *
The cerulean imp hits you from afar with a +1 spear.
You die...

.....####...#..####...........#.#
....##..'...+.................#.#
...###.##...##.###............#.#
..## #.#######..##............#.#
.## #.# #..................#.# ##
#.# #..................#.# .##
#.# #....5....####'#'#.#.# ..##
#.# #####h#+### #.#.#.#.#
...###.#########@#.# #.#.#...#
....##.........#.#.# #.#.#.###
.....##..........#.# #.#.#....
#.....#.#........#.######.#^#.##.
##......#.................#.#.##.
.##.....#........#.########.#.##.
.###....#........#.# #.#.##. .#
####.######+#.#.########.#.##. .#
#.# #.#.#.............#.


You could see Natasha and a cerulean imp (summoned).

Vanquished Creatures
  An adder (D:1)
  A dart slug (D:1)
  3 bats (D:1)
  3 endoplasms
  2 hobgoblins (D:1)
  2 quokkas (D:1)
  2 kobolds (D:1)
  A rat (D:1)
15 creatures vanquished.

Notes
Turn   | Place    | Note
-------+----------+-------------------------------------------
     0 | D:1      | Morbidden the Demonspawn Air Elementalist began the quest
                  | for the Orb.
     0 | D:1      | Reached XP level 1. HP: 13/13 MP: 3/3
   483 | D:1      | Gained mutation: You have sharp fingernails. [demonic
                  | ancestry]
   483 | D:1      | Reached XP level 2. HP: 4/19 MP: 0/5
  1464 | D:1      | Learned a level 2 spell: Static Discharge
  1515 | D:1      | Reached skill level 3 in Air Magic
  1709 | D:2      | Noticed Sigmund
  1876 | D:2      | Noticed Natasha
  1887 | D:1      | Slain by a cerulean imp

Illustrated notes

Levels and vault maps discovered:
D:1:      psy_arrival_spokes, layout_basic
D:2:      layout_basic, minmay_pentomino_pile, uniq_natasha, uniq_terence,
          uniq_sigmund

Skill      XL: |  1  2 |
---------------+-------+-----
Dodging        | 2 |  2.2
Air Magic      | 3 |  3.0
Fighting       | |  0.2
Stealth        | |  1.7
Unarmed Combat | |  0.2
Spellcasting   | |  2.3
Conjurations   | |  1.2

Action                     || total
---------------------------++-------
  Melee: Unarmed           ||     9
   Cast: Shock             ||    44
    Use: Potion            ||     1
 Armour: Robe              ||     4
  Dodge: Dodged            ||    19

Table legend: (Time is in decaauts)
 A = Elapsed time spent in this place.
 B = Non-inter-level travel time spent in this place.
 C = Inter-level travel time spent in this place.
 D = Time resting spent in this place.
 E = Time spent auto-exploring this place.
 F = Levels seen in this place.
 G = Mean time per level.
                   A        B        C        D        E       F      G
               +--------+--------+--------+--------+--------+-----+--------+
         Total |   1893 |   1828 |     65 |    557 |   1144 |   2 |  946.5 |
       Dungeon |   1893 |   1828 |     65 |    557 |   1144 |   2 |  946.5 |
               +--------+--------+--------+--------+--------+-----+--------+

Top non-repeatable levels by time:
     D:1: 1817 daAuts
     D:2: 76 daAuts
